 Dungeon Crawl Stone Soup version 0.18-a0-1778-gadce9fa (webtiles) character file.

238 4thArraOfDagon the Chopper (level 6, 0/82 HPs)
             Began as a Hill Orc Berserker on Apr 16, 2016.
             Was a Follower of Trog.
             Slain by a hound (1 damage)
             ... on level 9 of the Dungeon.
             The game lasted 00:02:36 (346 turns).

4thArraOfDagon the Chopper (Hill Orc Berserker)      Turns: 346, Time: 00:02:36

Health: 0/82       AC: 23    Str: 22    XL:     6   Next: 7%
Magic:  6/6        EV:  2    Int:  7    God:    Trog [*.....]
Gold:   39         SH:  0    Dex: 15    Spells: 0 memorised, 5 levels left

rFire  . . .     SeeInvis .     h - +0 war axe
rCold  . . .     Gourm    .     (armour currently unavailable)
rNeg   + + +     Faith    .     (no shield)
rPois  +         Spirit   .     (helmet currently unavailable)
rElec  .         Dismiss  .     (cloak currently unavailable)
rCorr  .         Reflect  .     (gloves currently unavailable)
SustAt .         Harm     .     (boots currently unavailable)
MR     .....     NoTele   +     (no amulet)
Stlth  +++.......               (no ring)
                                d - ring of stealth

@: agile, lethally poisoned (0 -> -3), exhausted, tree-form, very slightly
contaminated, hasted and slowed, not resistant to hostile enchantments, fairly
stealthy
A: no striking features
a: Berserk, Burn Spellbooks, Renounce Religion, Convert to Beogh


You were on level 9 of the Dungeon.
You worshipped Trog.
Trog was aware of your devotion.
You were very hungry.
You were a tree.
You visited 1 branch of the dungeon, and saw 7 of its levels.

You collected 39 gold pieces.

Inventory:

Hand Weapons
 h - a +0 war axe (weapon)
Armour
 b - a +1 animal skin (melded)
Jewellery
 d - a ring of stealth (left branch)
Potions
 k - a potion of brilliance
Comestibles
 c - 2 bread rations


   Skills:
 + Level 4.9 Fighting
 * Level 6.8 Axes
 + Level 3.8 Armour
 - Level 1.5 Dodging


You had 5 spell levels left.
You didn't know any spells.

Dungeon Overview and Level Annotations

Branches:
Dungeon (9/15)
 Temple: D:4-7         Lair: D:8-11         Orc: D:9-12

Altars:


Message History

Unknown command.
Unknown command.
You hit the orc priest but do no damage.
You barely miss the orc. You slash something! You closely miss the hound.
The hound bites you.
* * * LOW HITPOINT WARNING * * *
The orc priest threatens, "By the altar or by the axe, you will meet Beogh!"
The orc priest hits you but does no damage.
The orc hits you but does no damage. Something hits you but does no damage.
The orc wizard hits you but does no damage.
Unknown command.
Unknown command.
You closely miss the orc priest. You hit the hound.
The hound is lightly wounded.
You barely miss something. You slash the orc wizard!
The orc wizard is severely wounded.
You closely miss the orc.
* * * LOW HITPOINT WARNING * * *
You feel sick. The hound bites you.
You die...

#......##.
#.........
#........
#......#
#.h....#
#......#
#ooo...##.
#.♣h......
+.)[......
#.........
#.........
##########


You could see a howler monkey, a hound, an orc priest, an orc wizard and an orc.

Vanquished Creatures
  An ogre (D:3)
  2 hounds (D:4)
  2 orc priests (D:9)
  An orc wizard (D:9)
  A worm (D:4)
  An orc (D:9)
  A giant cockroach (D:2)
  2 hobgoblins
  A kobold (D:3)
  A rat (D:3)
13 creatures vanquished.

Notes
Turn   | Place    | Note
--------------------------------------------------------------
     0 | D:1      | 4thArraOfDagon the Hill Orc Berserker began the quest for the Orb.
     0 | D:1      | Reached XP level 1. HP: 19/19 MP: 1/1
   119 | D:4      | Noticed a hound
   122 | D:4      | Noticed a hound
   124 | D:4      | Killed a hound
   124 | D:4      | Reached skill level 5 in Axes
   124 | D:4      | Reached XP level 2. HP: 26/27 MP: 2/2
   124 | D:4      | Reached XP level 3. HP: 32/33 MP: 3/3
   128 | D:4      | Reached XP level 4. HP: 36/40 MP: 4/4
   191 | D:3      | Noticed an ogre
   200 | D:3      | Killed an ogre
   200 | D:3      | Reached skill level 6 in Axes
   200 | D:3      | Reached XP level 5. HP: 15/47 MP: 5/5
   301 | D:5      | Entered Level 5 of the Dungeon
   307 | D:5      | You fall through a shaft for 3 floors!
   340 | D:9      | Reached XP level 6. HP: 28/55 MP: 6/6
   343 | D:9      | HP: 3/82 [orc/dagger (2)]
   345 | D:9      | HP: 1/82 [hound (1)]
   346 | D:9      | Slain by a hound

Vault maps used:
D:1:      nagdon_arrival_zigzag_paths
D:2:      kennysheep_big_empty_room
D:4:      lemuel_doored_altar, first_bread
D:5:      minmay_door_square, dk_noncrumbling_4, kennysheep_generic_room_3
D:8:      kiku_gazebo_garden_becter, gammafunk_temple_overflow_pools,
          basic_altar, grunt_pizzeria
D:9:      yredelemnul_forgotten_temple_becter, old_standard_altar,
          old_standard_altar, nicolae_ashenzari_panopticon

Skill      XL: |  1  2  3  4 |
---------------+-------------+-----
Fighting       | 4 |  4.9
Axes           | 5 6 |  6.8
Armour         | 3 |  3.8
Dodging        | |  1.5

Action                   |  1- 3 |  4- 6 || total
-------------------------+-------+-------++-------
Melee: Hand axe          |    12 |     6 ||    18
       War axe           |       |    16 ||    16
Invok: Berserk           |     1 |     2 ||     3
  Use: Scroll            |       |     5 ||     5
       Potion            |       |     4 ||     4
 Stab: Sleeping          |     1 |       ||     1
Armor: Animal skin       |       |     1 ||     1
       Skin              |       |    19 ||    19
Dodge: Dodged            |     7 |    19 ||    26
